[ PARTIDA AOE2 · #505800360 ]
UnrankedKitán vs Slavs
Equipo del jugador · DERR
Equipo rival · VICT
[ ANÁLISIS DE REPETICIÓN · EXTRAÍDO DE LA PARTIDA GRABADA ]
Feudal
—
Castillos
—
Imperial
—
| APM promedio | 82.8 |
| APM pico | 114 |
| eAPM promedio | 31.6 |
| Aldeanos / militares | 26 / 10 |
Foco
⚔️ 52.2% · 🌾 47.8%
Militia ×10
Feudal
9:36
Castillos
—
Imperial
—
| APM promedio | 45.5 |
| APM pico | 68 |
| eAPM promedio | 18.5 |
| Aldeanos / militares | 25 / 3 |
Foco
⚔️ 30.9% · 🌾 69.1%
Militia ×3
Mapa de la partida
Recursos iniciales + cada clic de construcción. Líneas = muros · curvas = relieve. ◆ oro · ⬟ piedra · ● bayas · ✦ reliquia · ◌ hueco del cierre
Tu base
Base de Beauvéro
Terreno inicial suavizado · ◌ = hueco del cierre detectado · pasá el cursor para detalles
Inputs por minuto
— SVTT | Альпинист - - Beauvéro
Build order — SVTT | Альпинист
51 acciones detectadas en el replay
| 0:00 | Encolar | Villager (Male) |
| 0:01 | Encolar | Villager (Male) |
| 0:01 | Encolar | Villager (Male) |
| 0:02 | Construir | House |
| 0:02 | Encolar | Villager (Male) |
| 0:03 | Construir | House |
| 1:30 | Encolar | Villager (Male) |
| 1:31 | Encolar | Villager (Male) |
| 1:56 | Encolar | Villager (Male) |
| 1:56 | Encolar | Villager (Male) |
| 2:20 | Encolar | Villager (Male) |
| 2:20 | Encolar | Villager (Male) |
| 2:44 | Construir | Barracks |
| 2:47 | Encolar | Villager (Male) |
| 2:47 | Encolar | Villager (Male) |
| 3:17 | Encolar | Villager (Male) |
| 3:17 | Encolar | Villager (Male) |
| 3:46 | Construir | House |
| 3:47 | Encolar | Militia |
| 3:47 | Encolar | Militia |
| 4:00 | Encolar | Militia |
| 4:00 | Encolar | Militia |
| 4:15 | Encolar | Villager (Male) |
| 4:28 | Construir | House |
| 4:31 | Encolar | Villager (Male) |
| 4:44 | Encolar | Militia |
| 4:56 | Encolar | Villager (Male) |
| 5:25 | Encolar | Villager (Male) |
| 5:27 | Construir | Mill |
| 5:50 | Encolar | Villager (Male) |
| 6:11 | Encolar | Villager (Male) |
| 6:27 | Encolar | Villager (Male) |
| 6:29 | Encolar | Villager (Male) |
| 6:31 | Construir | Lumber Camp |
| 6:43 | Construir | House |
| 6:53 | Encolar | Militia |
| 7:04 | Encolar | Villager (Male) |
| 7:25 | Encolar | Villager (Male) |
| 8:21 | Encolar | Villager (Male) |
| 8:50 | Encolar | Villager (Male) |
| 8:58 | Construir | Mill |
| 9:23 | Investigar | Loom |
| 9:28 | Construir | Mining Camp |
| 9:53 | Investigar | Feudal Age |
| 10:25 | Construir | Mining Camp |
| 10:30 | Encolar | Militia |
| 10:30 | Encolar | Militia |
| 10:44 | Encolar | Militia |
| 10:44 | Encolar | Militia |
| 10:54 | Construir | House |
| 11:20 | Construir | House |
Build order — Beauvéro
53 acciones detectadas en el replay
| 0:00 | Encolar | Villager (Male) |
| 0:00 | Encolar | Villager (Male) |
| 0:00 | Encolar | Villager (Male) |
| 0:00 | Encolar | Villager (Male) |
| 0:02 | Construir | House |
| 0:04 | Construir | House |
| 1:30 | Encolar | Villager (Male) |
| 2:11 | Encolar | Villager (Male) |
| 2:12 | Encolar | Villager (Male) |
| 2:20 | Construir | Lumber Camp |
| 2:49 | Encolar | Villager (Male) |
| 2:49 | Encolar | Villager (Male) |
| 3:41 | Encolar | Villager (Male) |
| 3:52 | Construir | House |
| 4:05 | Encolar | Villager (Male) |
| 4:10 | Encolar | Villager (Male) |
| 4:24 | Construir | Palisade Wall |
| 4:25 | Construir | Palisade Wall |
| 4:34 | Encolar | Villager (Male) |
| 4:34 | Encolar | Villager (Male) |
| 4:57 | Encolar | Villager (Male) |
| 5:11 | Construir | Mill |
| 5:45 | Encolar | Villager (Male) |
| 5:45 | Encolar | Villager (Male) |
| 6:04 | Investigar | Loom |
| 6:32 | Encolar | Villager (Male) |
| 6:47 | Construir | Barracks |
| 7:01 | Encolar | Villager (Male) |
| 7:26 | Investigar | Feudal Age |
| 7:56 | Encolar | Militia |
| 8:23 | Construir | Mining Camp |
| 8:24 | Encolar | Militia |
| 8:28 | Construir | Palisade Wall |
| 8:30 | Construir | Palisade Wall |
| 8:31 | Construir | Palisade Wall |
| 8:33 | Construir | Palisade Wall |
| 8:36 | Construir | Palisade Wall |
| 8:40 | Construir | Palisade Wall |
| 8:46 | Construir | Palisade Wall |
| 8:47 | Construir | Palisade Wall |
| 8:52 | Encolar | Militia |
| 9:36 | Edad | Edad Feudal |
| 9:41 | Encolar | Villager (Male) |
| 9:41 | Encolar | Villager (Male) |
| 9:53 | Investigar | Man-at-Arms (upgrade) |
| 10:03 | Construir | House |
| 10:18 | Construir | Mill |
| 10:33 | Encolar | Villager (Male) |
| 10:47 | Encolar | Villager (Male) |
| 10:57 | Investigar | Double-Bit Axe |
| 11:20 | Construir | Archery Range |
| 11:22 | Encolar | Villager (Male) |
| 11:50 | Encolar | Villager (Male) |
Cronología de la partida
| 2:44 | SVTT | Альпинист · first_building Barracks |
| 4:24 | Beauvéro · wall_segment Palisade Wall x1 |
| 4:25 | Beauvéro · wall_segment Palisade Wall x1 |
| 6:47 | Beauvéro · first_building Barracks |
| 8:28 | Beauvéro · wall_segment Palisade Wall x1 |
| 8:30 | Beauvéro · wall_segment Palisade Wall x1 |
| 8:31 | Beauvéro · wall_segment Palisade Wall x1 |
| 8:33 | Beauvéro · wall_segment Palisade Wall x1 |
| 8:36 | Beauvéro · wall_segment Palisade Wall x1 |
| 8:40 | Beauvéro · wall_segment Palisade Wall x1 |
| 8:46 | Beauvéro · wall_segment Palisade Wall x1 |
| 8:47 | Beauvéro · wall_segment Palisade Wall x4 |
| 9:36 | Beauvéro · age_up feudal |
| 11:20 | Beauvéro · first_building Archery Range |
| 11:57 | SVTT | Альпинист · resign |
[ ANÁLISIS IA · 1 CRÉDITO ]
¿Qué pasó realmente en esta partida?
Wolo.gg analiza cada decisión: build order, eco, micro, errores típicos por bracket. Análisis personalizado por WhatsApp o Discord en 30 segundos.
Guía civ
Kitán
Perfil
Jugador #6375678